 Dungeon Crawl Stone Soup version 0.31-a0-544-gceb718ecc6 (webtiles) character file.

Game seed: 1170858625318855076

278363 SuPeRPuSSyNoOTAB the Metamorph (level 21, -5/132 HPs)
             Began as a Kobold Ice Elementalist on Aug 15, 2023.
             Was an Initiate of Gozag.
             Slain by a vault warden
             ... wielding a +1 halberd of freezing
              (61 damage)
             ... on level 2 of the Vaults.
             The game lasted 01:43:21 (53098 turns).

SuPeRPuSSyNoOTAB the Metamorph (KoIE)              Turns: 53098, Time: 01:43:21

Health: -5/132     AC: 17    Str:  8    XL:     21   Next: 28%
Magic:  33/33      EV: 29    Int: 26    God:    Gozag
Gold:   5752       SH:  7    Dex: 26    Spells: 4/36 levels left

rFire   . . .        g - +6 quick blade "Buamont" {venom, rElec}
rCold   + . .        j - +0 buckler
rNeg    + + +        Q - +3 leather armour "Ituom" {Contam rN+ Will+ Int+2}
rPois   +            L - +0 helmet of Pacaeck {rPois rN+ Int+4}
rElec   +            I - +1 cloak of Starlight {*Dazzle EV+4 Stlth--}
rCorr   .            D - +3 pair of gauntlets of War {Slay+5}
SInv    +            r - +2 pair of boots
Will    +++++        b - amulet of the Four Winds {rN+ Will+++ Clar}
Stlth   +++++        U - ring "Xoxua" {Dex+6 SInv}
HPRegen 0.42/turn    T - ring of Ykoot {rC+ Slay+3}
MPRegen 0.23/turn

%: clarity
@: about to teleport, gold aura, enlightened, flying, hasted, very quick
A: small, no large weapons, nightstalker 3
}: 2/15 runes: serpentine, barnacled
a: Renounce Religion, Potion Petition, Call Merchant, Bribe Branch


You were on level 2 of the Vaults.
You worshipped Gozag.
Gozag was greatly pleased with you.
You visited 7 branches of the dungeon, and saw 33 of its levels.
You visited 1 bazaar.
You also visited: Ossuary, Bailey and Gauntlet.

You collected 15231 gold pieces.
You spent 5744 gold pieces at shops.
You paid 3735 gold pieces to Gozag.

Inventory:

Hand Weapons
 g - the +6 quick blade "Buamont" (weapon) {venom, rElec}
   (You acquired it on level 7 of the Dungeon)

   rElec:     It insulates you from electricity.
Missiles
 l - 9 curare-tipped darts
 q - 10 throwing nets
Armour
 j - a +0 buckler (worn)
 m - the +2 cloak of the King of the Hill {Will+ rCorr}
   (You found it on level 13 of the Dungeon)

   Will+:     It increases your willpower.
   rCorr:     It protects you from acid and corrosion.
 r - a +2 pair of boots (worn)
 D - the +3 pair of gauntlets of War (worn) {Slay+5}
   (You bought it in a shop on level 10 of the Dungeon)

   Slay+5:    It affects your accuracy & damage with ranged weapons and melee
   (+5).
 I - the +1 cloak of Starlight (worn) {*Dazzle EV+4 Stlth--}
   (You acquired it on level 7 of the Dungeon)

   *Dazzle:   It may blind those who miss an attack against the wearer in melee
   combat.
   EV+4:      It affects your evasion (+4).
   Stlth--:   It makes you much less stealthy.
 L - the +0 helmet of Pacaeck (worn) {rPois rN+ Int+4}
   (You acquired it in a bailey)

   Int+4:     It affects your intelligence (+4).
   rPois:     It protects you from poison rN+: It protects you from negative
   energy.
 Q - the +3 leather armour "Ituom" (worn) {Contam rN+ Will+ Int+2}
   (You bought it in a shop on level 10 of the Dungeon)

   Int+2:     It affects your intelligence (+2).
   rN+:       It protects you from negative energy.
   Will+:     It increases your willpower.
   Contam:    It causes magical contamination when unequipped.
Jewellery
 b - the amulet of the Four Winds (around neck) {rN+ Will+++ Clar}
   (You took it off an efreet on level 14 of the Dungeon)

   [amulet of nothing]

   rN+:       It protects you from negative energy.
   Will+++:   It greatly increases your willpower.
   Clar:      It protects you from confusion, rage, mesmerisation and fear.
 w - the ring of the Tortoise {AC+8}
   (You found it on level 4 of the Shoals)

   [ring of protection]

   AC+8:      It affects your AC (+8).
 M - a +5 ring of evasion
 T - the ring of Ykoot (right hand) {rC+ Slay+3}
   (You bought it in a shop on level 2 of the Shoals)

   [ring of protection from cold]

   Slay+3:    It affects your accuracy & damage with ranged weapons and melee
   (+3).
   rC+:       It protects you from cold.
 U - the ring "Xoxua" (left hand) {Dex+6 SInv}
   (You acquired it on level 2 of the Orcish Mines)

   [ring of dexterity]

   Dex+6:     It affects your dexterity (+6).
   SInv:      It lets you see invisible.
 W - the ring "Mucri" {rF+ rCorr MP-9 Int+3}
   (You found it in a Gauntlet)

   [ring of resist corrosion]

   Int+3:     It affects your intelligence (+3).
   rF+:       It protects you from fire.
   MP-9:      It affects your magic capacity (-9).
   rCorr:     It protects you from acid and corrosion.
 X - a ring of protection from fire
Talismans
 Y - a talisman of death
Wands
 h - a wand of iceblast (15)
 F - a wand of flame (66)
 J - a wand of digging (16)
 O - a wand of paralysis (38)
 P - a wand of light (5)
Scrolls
 c - 2 scrolls of silence
 d - 2 scrolls of enchant armour
 f - 4 scrolls of teleportation
 i - 4 scrolls of amnesia
 k - a scroll of brand weapon
 n - a scroll of vulnerability
 y - 3 scrolls of revelation
 B - 4 scrolls of fear
 E - 5 scrolls of poison
 Z - 7 scrolls of fog
Potions
 a - 2 potions of resistance
 o - a potion of enlightenment
 p - 9 potions of mutation
 t - 4 potions of might
 v - a potion of heal wounds
 x - 7 potions of curing
 z - 4 potions of invisibility
 A - 3 potions of attraction
 C - 7 potions of brilliance
 G - 2 potions of cancellation
 H - 2 potions of ambrosia
 R - 3 potions of haste
 S - a potion of lignification
 V - 2 potions of magic
Miscellaneous
 e - a lightning rod (3/4)
 s - a tin of tremorstones (inert)
 N - a box of beasts (inert)


   Skills:
 - Level 14.0 Fighting
 - Level 14.0 Short Blades
 - Level 4.2 Armour
 - Level 12.0 Dodging
 - Level 13.9 Stealth
 - Level 4.5 Shields
 - Level 8.2 Spellcasting
 - Level 6.0 Conjurations
 - Level 7.0 Hexes
 - Level 2.0 Transmutations
 - Level 6.0 Ice Magic
 - Level 6.0 Earth Magic
 - Level 5.0 Evocations
 * Level 20.9 Shapeshifting


You had 4 spell levels left.
You knew the following spells:

 Your Spells              Type           Power      Damage    Failure   Level
a - Dazzling Flash        Conj/Hex       88%        N/A       2%          3
b - Frozen Ramparts       Ice            82%        1d13      3%          3
c - Ozocubu's Armour      Ice            41%        N/A       3%          3
d - Sandblast             Erth           82%        2d17      1%          1
e - Passwall              Tmut/Erth      25%        N/A       3%          2
f - Stone Arrow           Conj/Erth      82%        3d12      3%          3
g - Freeze                Ice            100%       1d10      1%          1
h - Yara's Violent Unrav  Hex/Tmut       17%        3d8       45%         5
i - Enfeeble              Hex            23%        N/A       99%         7
j - Blink                 Tloc           20%        N/A       19%         2
k - Lesser Beckoning      Tloc           20%        N/A       19%         2

Your spell library contained the following spells:

 Spells                   Type           Power      Damage    Failure   Level
 Magic Dart               Conj           100%       1d8       1%          1
 Confusing Touch          Hex            47%        N/A       1%          3
 Tukima's Dance           Hex            47%        N/A       1%          3
 Kiss of Death            Conj/Necr      100%       2d13      3%          1
 Shock                    Conj/Air       100%       1d9       3%          1
 Hailstorm                Conj/Ice       41%        3d10      3%          3
 Momentum Strike          Conj/Tloc      52%        3d9       5%          2
 Inner Flame              Hex/Fire       28%        N/A       9%          3
 Portal Projectile        Hex/Tloc       56%        N/A       9%          3
 Fulminant Prism          Conj/Hex       22%        3d12      9%          4
 Summon Small Mammal      Summ           40%        N/A       12%         1
 Mephitic Cloud           Conj/Pois/Air  21%        N/A       16%         3
 Call Imp                 Summ           20%        N/A       19%         2
 Cigotuvi's Dreadful Rot  Necr/Pois/Air  20%        N/A       19%         2
 Ignite Poison            Fire/Tmut/Pois 14%        N/A       26%         3
 Gell's Gravitas          Tloc           10%        N/A       34%         3
 Swiftness                Air            10%        N/A       34%         3
 Teleport Other           Tloc           10%        N/A       34%         3
 Vhi's Electric Charge    Tloc/Air       20%        N/A       34%         3
 Volatile Blastmotes      Fire/Tloc      20%        2d11      34%         3
 Animate Armour           Summ/Erth      52%        N/A       34%         4
 Iskenderun's Mystic Bla  Conj/Tloc      26%        2d7       34%         4
 Summon Ice Beast         Ice/Summ       26%        N/A       34%         4
 Airstrike                Air            5%         2d(1-17)  75%         4
 Dispel Undead            Necr           10%        3d9       75%         4
 Freezing Cloud           Conj/Ice/Air   15%        6-21      54%         5
 Silence                  Hex/Air        14%        N/A       61%         5
 Agony                    Necr           10%        N/A       97%         5
 Summon Cactus Giant      Summ           5%         N/A       100%        6
 Haunt                    Necr/Summ      5%         N/A       100%        7
 Orb of Destruction       Conj           20%        9d8       100%        7
 Ozocubu's Refrigeration  Ice            20%        4d12      100%        7
 Spellforged Servitor     Conj/Summ      13%        N/A       100%        7
 Infestation              Necr           5%         N/A       100%        8
 Lehudib's Crystal Spear  Conj/Erth      20%        10d6      100%        8
 Animate Dead             Necr           Unusable   N/A       N/A         4
 Simulacrum               Ice/Necr       Unusable   N/A       N/A         6

Dungeon Overview and Level Annotations

Branches:
Dungeon (15/15)            Temple (1/1) D:4            Lair (5/5) D:8
 Shoals (4/4) Lair:2        Snake (4/4) Lair:2        Slime (0/5) Lair:4
    Orc (2/2) D:9             Elf (0/3) Orc:2        Vaults (2/5) D:13
  Crypt (0/3) Vaults:2     Depths (0/4) D:15        Ossuary (visited)
 Bailey (visited)         Gauntlet (visited)

Altars:
Ashenzari
Cheibriados
Dithmenos
Elyvilon
Fedhas
Gozag
Hepliaklqana
Kikubaaqudgha
Makhleb
Nemelex Xobeh
Okawaru
Qazlal
Ru
Sif Muna
Trog
Uskayaw
Vehumet
Wu Jian
Xom
Yredelemnul
Zin
The Shining One

Shops:
D:1 (   D:8 =   D:10 [*   D:11 *   Orc:1 :   Orc:2 ?(:   Shoals:1 =
Shoals:2 =[   Shoals:4 (   Snake:3 ::=   Vaults:2 =

Annotations:
D:5 1 runed translucent door, Crazy Yiuf
D:6 Edmund
D:9 exclusion: orange crystal statue
D:10 1 runed translucent door
Lair:3 1 runed translucent door, Tenar's ghost, journeyman DsEE
Lair:5 2 exclusions
Shoals:2 exclusion: kraken
Orc:1 exclusion: door
Vaults:2 2 runed translucent doors, Voda's ghost, journeyman FeDe


Innate Abilities, Weirdness & Mutations

You are small and have problems with some larger weapons.
You are completely attuned to the shadows.


Message History

The burst of rock shards engulfs the ironbound convoker!
The wall freezes the vault warden.
The vault warden hits you with a +1 halberd of freezing!!!
The vault warden freezes you.
* * * LOW HITPOINT WARNING * * *
The wall freezes the ironbound convoker!
You kill the ironbound convoker!
The wall freezes the ironbound convoker.
The ironbound convoker points at the vault warden and mumbles some strange words.
You take 49 damage, and have 39/132 hp.
Okay, then.
Unknown command.
Blink to where?
Press: ? - help, Dir - move target Your icy armour and frozen ramparts will break if you move.
Continue?
Your icy armour cracks and falls away as you move.
The frozen ramparts melt away as you move.
As you read the scroll of blinking, it crumbles to dust.
As you read the scroll of teleportation, it crumbles to dust.
You feel strangely unstable.
The tremorstone explodes into fragments!
The burst of rock shards engulfs the vault warden!
The burst of rock shards engulfs you but does no damage.
The burst of rock shards engulfs the deep troll! x2
The burst of rock shards engulfs the vault warden.
The tin is emptied!
Aiming: Thunderbolt
Press: ? - help, Shift-Dir - straight line, f - vault warden
Aim: a vault warden, wielding a +1 halberd of freezing and wearing a +0 plate armour (severely wounded, strong)
The thunderbolt hits the vault warden!!
The vault warden is almost dead.
The thunderbolt hits the deep troll!!
You kill the deep troll!
The thunderbolt hits the ironbound convoker!
You kill the ironbound convoker!
Okay, then.
You feel much better.
The runic seals fade away.
The vault warden hits you from afar with a +1 halberd of freezing!!!
You die...
Your body crumbles into a pile of gold.

##############
.#..#.
.............#
####....#
.............#
....p(...
.............#
(...$T...
.............#
#####pp..#
............[#
#...ยง#..#.
########.....#
#..p.#..# ....#
#.....# #....#..#
....# #.....#
#@..>#..# ....#
#....)###+########
....#
#...).#...........
....#
#.....#.#...#.W.#
....#
#.....'...........
....#
#.....#...#...#...
#####
#.....#...........
....#
#.....#.#...>...#.
....#
#.....#......


You could see a vault warden (strong) and a vault sentinel.

Vanquished Creatures
  Boris (Vaults:2)
  An ancient champion (Vaults:2)
  Gastronok (Lair:2)
  Kirke (Shoals:3)
  Polyphemus (Shoals:4)
  Aizul (Snake:1)
  Ilsuiw (Shoals:2)
  10 nagarajas
  3 vault wardens (Vaults:2)
  An emperor scorpion (shapeshifter) (D:14)
  7 ironbound preservers
  A curse skull (Vaults:2)
  A war gargoyle (Vaults:1)
  A stone giant (D:15)
  4 ironbound thunderhulks
  A dire elephant (Vaults:1)
  A minotaur (Gauntlet)
  Snorg (Orc:1)
  An eidolon (Vaults:2)
  A crystal guardian (Vaults:2)
  7 merfolk javelineers
  A great orb of eyes (Vaults:2)
  2 entropy weavers (Vaults:2)
  An entropy weaver (shapeshifter) (D:15)
  Harold (Lair:2)
  8 merfolk impalers
  4 hydras
  3 yaktaur captains
  Fannar (Lair:1)
  4 ogre magi
  An ice dragon (D:14)
  3 peacekeepers
  Erica (Orc:1)
  2 salamander tyrants
  4 vault guards (D:13)
  4 catoblepae
  An ironbound frostheart (Vaults:1)
  6 centaur warriors
  4 alligator snapping turtles
  4 merfolk avatars
  2 satyrs
  6 death yaks
  7 boulder beetles
  10 anacondas
  14 two-headed ogres
  2 merfolk aquamancers
  16 naga warriors
  An orc high priest (Bailey)
  3 tengu warriors (D:14)
  A thrashing horror (Gauntlet)
  7 shock serpents
  9 naga sharpshooters
  Amaemon (Lair:1)
  6 salamander mystics
  Nergalle (D:11)
  6 skysharks
  A skeletal warrior (Vaults:2)
  20 sea snakes
  11 deep trolls
  6 naga ritualists
  4 orc knights
  4 wizards
  Pikel (D:5)
  5 lindwurms (Vaults:1)
  2 deep elf pyromancers (D:14)
  10 mana vipers
  15 ugly things
  An orc sorcerer (Orc:1)
  30 harpies
  5 ironbound convokers
  An oklob plant (Gauntlet)
  19 manticores
  2 salamanders (shapeshifter) (Lair:5)
  19 fauns
  10 cyclopes
  11 merfolk sirens
  19 salamanders
  38 black mambas
  18 naga magi
  5 water nymphs
  8 guardian serpents
  9 vault sentinels
  An elephant (D:8)
  13 cane toads
  An orange demon (Lair:1)
  5 komodo dragons
  A minotaur zombie (Gauntlet)
  An efreet (D:14)
  2 tengu conjurers
  5 kobold demonologists
  2 rime drakes
  17 yaktaurs
  A meliai (D:14)
  A queen bee (Gauntlet)
  2 tarantellas (Vaults:2)
  29 merfolk
  12 trolls
  A troll (shapeshifter) (D:13)
  28 blink frogs
  5 wind drakes
  3 polar bears
  2 hornets
  4 snapping turtles
  7 dream sheep
  A shadow (D:10)
  3 water elementals
  2 wraiths
  6 wyverns
  19 slime creatures
  55 yaks
  3 vampires
  8 small abominations
  2 hogs (Shoals:3)
  4 steam dragons
  18 humans (D:13)
  Grum (D:11)
  8 basilisks
  6 wargs (Orc:1)
  A steam dragon (shapeshifter) (D:14)
  6 acid dragons
  64 nagas
  12 water moccasins
  A floating eye (shapeshifter) (D:14)
  A floating eye (D:7)
  22 orc warriors
  4 sky beasts
  5 black bears
  2 ice beasts
  10 centaurs
  27 ogres
  17 wolves
  A phantom (D:5)
  A lemure (D:5)
  5 elf zombies (Ossuary)
  5 kobold brigands
  16 bullfrogs
  A scorpion (D:4)
  4 gnoll sergeants
  A hornet simulacrum (D:14)
  8 wights
  20 killer bees
  3 electric eels
  3 howler monkeys
  4 human zombies (Ossuary)
  3 centaur zombies (Ossuary)
  2 hounds
  9 orc priests
  2 gnoll boudas
  3 jellies
  A sleepcap (D:7)
  3 iguanas
  Natasha (thrice) (D:3)
  12 orc wizards
  3 mummies (Ossuary)
  23 gnolls
  2 adders
  2 white imps
  2 ufetubi
  5 dart slugs
  A worm (D:2)
  51 orcs
  8 ball pythons
  3 endoplasms
  5 giant cockroaches
  24 goblins
  11 hobgoblins
  8 jackals
  2 quokkas
  4 bats
  9 frilled lizards
  9 kobolds
  7 rats (D:1)
1208 creatures vanquished.

Vanquished Creatures (collateral kills)
  Mara (Shoals:3)
  3 blink frogs (Lair:1)
4 creatures vanquished.

Vanquished Creatures (others)
  A faun (Shoals:4)
  A slime creature (D:14)
  A centaur simulacrum (D:14)
  A human (Shoals:3)
4 creatures vanquished.

Grand Total: 1216 creatures vanquished

Notes
Turn   | Place    | Note
-------+----------+-------------------------------------------
     0 | D:1      | SuPeRPuSSyNoOTAB the Kobold Ice Elementalist began the
                  | quest for the Orb.
     0 | D:1      | Reached XP level 1. HP: 10/10 MP: 3/3
   159 | D:1      | Reached XP level 2. HP: 16/16 MP: 3/5
   254 | D:1      | Reached skill level 1 in Fighting
   288 | D:1      | Found Aheky's Antique Weapon Shop.
   556 | D:1      | Reached XP level 3. HP: 20/20 MP: 1/6
   638 | D:1      | Learned a level 3 spell: Frozen Ramparts
   783 | D:1      | Reached skill level 1 in Short Blades
   834 | D:1      | Found a faded altar of an unknown god.
  1214 | D:2      | Learned a level 3 spell: Ozocubu's Armour
  1262 | D:2      | Reached XP level 4. HP: 24/25 MP: 5/7
  1731 | D:2      | Found a hide-covered altar of Uskayaw.
  1921 | D:2      | Reached XP level 5. HP: 46/46 MP: 9/9
  2379 | D:2      | Learned a level 2 spell: Passwall
  2381 | D:2      | Learned a level 1 spell: Sandblast
  2623 | D:3      | Noticed Sigmund
  2705 | D:3      | Noticed Natasha
  2709 | D:3      | Killed Natasha
  2710 | D:3      | Reached XP level 6. HP: 46/52 MP: 1/10
  2974 | D:3      | Noticed Natasha
  3009 | D:3      | Killed Natasha
  3013 | D:3      | Noticed Natasha
  3083 | D:3      | Killed Natasha
  3084 | D:3      | Reached skill level 1 in Earth Magic
  3607 | D:3      | Sigmund changed into Sigmund the frilled lizard
  3607 | D:3      | Noticed Sigmund
  3611 | D:3      | Killed Sigmund the frilled lizard
  3906 | D:4      | Reached skill level 1 in Transmutations
  3973 | D:4      | Found a staircase to the Ecumenical Temple.
  4082 | Temple   | Entered the Ecumenical Temple
  4162 | Temple   | Became a worshipper of Gozag Ym Sagoz the Greedy
  4271 | D:4      | Noticed a black bear
  4285 | D:4      | Killed a black bear
  4286 | D:4      | Reached skill level 1 in Evocations
  4286 | D:4      | Reached XP level 7. HP: 28/56 MP: 3/11
  4646 | D:4      | Found a radiant altar of Vehumet.
  5040 | D:4      | Found a burning altar of Makhleb.
  5040 | D:4      | Found a shimmering blue altar of Sif Muna.
  5115 | D:5      | Entered Level 5 of the Dungeon
  5288 | D:4      | Reached XP level 8. HP: 32/62 MP: 5/13
  5770 | D:5      | HP: 1/62 [ice beast (12)]
  6160 | D:5      | Noticed Pikel
  6359 | D:5      | Killed Pikel
  6360 | D:5      | Reached skill level 5 in Ice Magic
  6360 | D:5      | Reached XP level 9. HP: 60/66 MP: 0/15
  6509 | D:5      | Found a runed translucent door.
  6512 | D:5      | Noticed Crazy Yiuf
  7309 | D:6      | Reached skill level 5 in Earth Magic
  7471 | D:6      | Found a sand-covered staircase.
  7477 | Ossuary  | Entered an ossuary
  8683 | D:6      | Learned a level 3 spell: Stone Arrow
  8922 | D:6      | Reached skill level 1 in Conjurations
  8922 | D:6      | Reached XP level 10. HP: 72/72 MP: 14/16
  8972 | D:6      | Noticed Edmund
  9558 | D:6      | Found a sacrificial altar of Ru.
  9978 | D:6      | Found a blossoming altar of Fedhas.
 10447 | D:7      | Identified 2 scrolls of acquirement
 10447 | D:7      | Acquired the +1 cloak of Starlight {*Dazzle EV+4 Stlth--}
 10447 | D:7      | Found the +1 cloak of Starlight {*Dazzle EV+4 Stlth--}
 10448 | D:7      | Acquired the +6 quick blade "Buamont" {venom, rElec}
 10607 | D:7      | Noticed Jeremiah
 10644 | D:7      | Jeremiah changed into Jeremiah the floating eye
 10644 | D:7      | Noticed Jeremiah
 10645 | D:7      | Killed Jeremiah the floating eye
 11732 | D:8      | Noticed a two-headed ogre
 11747 | D:8      | Killed a two-headed ogre
 11748 | D:8      | Reached skill level 5 in Conjurations
 11801 | D:8      | Paralysed by a hornet for 3 turns
 11803 | D:8      | Reached skill level 5 in Short Blades
 11821 | D:8      | Reached skill level 5 in Stealth
 12059 | D:8      | Found a shimmering altar of Xom.
 12091 | D:8      | Noticed an elephant
 12101 | D:8      | Reached XP level 11. HP: 62/76 MP: 12/17
 12157 | D:8      | Found a staircase to the Lair.
 12179 | D:8      | Killed an elephant
 12595 | D:8      | Reached skill level 5 in Dodging
 13205 | D:9      | Found the +18 Lear's hauberk
 13228 | D:9      | Found an ornate altar of the Wu Jian Council.
 13228 | D:9      | Found a hide-covered altar of Uskayaw.
 13393 | D:9      | Found a flagged portal.
 13411 | Bailey   | Entered a bailey
 13707 | Bailey   | Acquired the +0 helmet of Pacaeck {rPois rN+ Int+4}
 13797 | Bailey   | Found an iron altar of Okawaru.
 13799 | Bailey   | Noticed an orc high priest
 13815 | Bailey   | Killed an orc high priest
 13816 | Bailey   | Reached skill level 5 in Evocations
 14015 | D:9      | Noticed an orange crystal statue
 14180 | D:9      | Found a staircase to the Orcish Mines.
 14314 | D:9      | Found a broken altar of Ashenzari.
 14431 | D:9      | Reached XP level 12. HP: 82/82 MP: 18/18
 14780 | D:10     | Entered Level 10 of the Dungeon
 14783 | D:10     | Bought a warped leather armour for 154 gold pieces
 14783 | D:10     | Identified the +3 leather armour "Ituom" {Contam rN+ Will+
                  | Int+2} (You bought it in a shop on level 10 of the Dungeon)
 15003 | D:10     | Noticed a two-headed ogre
 15010 | D:10     | Killed a two-headed ogre
 15082 | D:10     | Reached skill level 10 in Short Blades
 15182 | D:10     | Identified the +8 short sword "Ceuh" {spect, Stlth+}
 15205 | D:10     | Noticed a two-headed ogre
 15215 | D:10     | Killed a two-headed ogre
 15241 | D:10     | Noticed a centaur warrior
 15283 | D:10     | Killed a centaur warrior
 15343 | D:10     | Noticed a two-headed ogre
 15363 | D:10     | Killed a two-headed ogre
 15630 | D:10     | Found Wiseyrud's General Store.
 15635 | D:10     | Bought a scroll of noise for 15 gold pieces
 15716 | D:10     | Found a runed translucent door.
 15717 | D:10     | Noticed a stone giant
 16246 | D:11     | Noticed Grum
 16252 | D:11     | Killed Grum
 16513 | D:11     | Reached skill level 10 in Stealth
 16576 | D:11     | Noticed Nergalle
 16577 | D:11     | Reached XP level 13. HP: 87/87 MP: 5/19
 16593 | D:11     | Killed Nergalle
 16997 | D:11     | Found a snail-covered altar of Cheibriados.
 17106 | D:11     | Found Fuyddun's Assorted Antiques.
 17111 | D:11     | Bought a scroll labelled YKLIPU HIMPIU for 32 gold pieces
 17249 | Lair:1   | Entered Level 1 of the Lair of Beasts
 17462 | Lair:1   | Noticed Amaemon
 17469 | Lair:1   | Killed Amaemon
 17680 | Lair:1   | Noticed Fannar
 17684 | Lair:1   | Killed Fannar
 17758 | Lair:1   | Reached skill level 10 in Dodging
 18025 | Lair:2   | Found a gate leading to a gauntlet.
 18029 | Gauntlet | Entered a Gauntlet
 18029 | Gauntlet | Found a transporter.
 18063 | Gauntlet | Found a transporter.
 18071 | Gauntlet | Found a transporter.
 18077 | Gauntlet | Found a transporter.
 18099 | Gauntlet | Found a transporter.
 18126 | Gauntlet | Found a transporter.
 18138 | Gauntlet | Found a transporter.
 18156 | Gauntlet | Noticed a reaper
 18165 | Gauntlet | Found a transporter.
 18192 | Gauntlet | Found a transporter.
 18207 | Gauntlet | Found a transporter.
 18227 | Gauntlet | Found a transporter.
 18239 | Gauntlet | Found a transporter.
 18248 | Gauntlet | Found a transporter.
 18494 | Gauntlet | Found a transporter.
 18498 | Gauntlet | Found a transporter.
 18498 | Gauntlet | Identified the ring "Mucri" {rF+ rCorr MP-9 Int+3}
 18515 | Gauntlet | Found a transporter.
 18526 | Gauntlet | Found a transporter.
 18862 | Gauntlet | Reached skill level 1 in Shapeshifting
 18904 | Gauntlet | Noticed a minotaur
 18908 | Gauntlet | Killed a minotaur
 18909 | Gauntlet | Reached skill level 1 in Armour
 18914 | Gauntlet | Identified the staff of the Eternal Warrior {rF+ rN+ Will-
                  | SInv Necro}
 19009 | Lair:2   | Reached skill level 2 in Shapeshifting
 19094 | Lair:2   | Found a staircase to the Snake Pit.
 19207 | Lair:2   | Noticed an eight-headed hydra
 19217 | Lair:2   | Killed an eight-headed hydra
 19412 | Lair:2   | Noticed Harold
 19416 | Lair:2   | Reached XP level 14. HP: 92/92 MP: 2/20
 19429 | Lair:2   | Killed Harold
 19465 | Lair:2   | Reached skill level 3 in Shapeshifting
 19480 | Lair:2   | Noticed Gastronok
 19603 | Lair:2   | Killed Gastronok
 19639 | Lair:2   | Found a staircase to the Shoals.
 20444 | Lair:3   | Reached skill level 4 in Shapeshifting
 20576 | Lair:3   | Found a runed translucent door.
 20581 | Lair:3   | Identified the +5 trident "Jiqitaog" {freeze, Fly}
 21531 | Lair:3   | Noticed Tenar's ghost (journeyman DsEE)
 22597 | Lair:4   | Found a sacrificial altar of Ru.
 23121 | Lair:4   | Reached skill level 5 in Shapeshifting
 23172 | Lair:4   | Found a staircase to the Slime Pits.
 23431 | Lair:5   | Entered Level 5 of the Lair of Beasts
 24290 | Lair:5   | Reached XP level 15. HP: 77/99 MP: 16/21
 24421 | Lair:5   | Reached skill level 6 in Shapeshifting
 24978 | Orc:1    | Entered Level 1 of the Orcish Mines
 25133 | Orc:1    | Found Pesmaj's Book Emporium.
 25139 | Orc:1    | Bought a book of the Senses for 448 gold pieces
 25143 | Orc:1    | Learned a level 3 spell: Dazzling Flash
 25193 | Orc:1    | Noticed Erica
 25208 | Orc:1    | Killed Erica
 25346 | D:10     | Bought the +3 pair of gauntlets of War {Slay+5} for 1045
                  | gold pieces
 25346 | D:10     | Found the +3 pair of gauntlets of War {Slay+5}
 25495 | Orc:2    | Entered Level 2 of the Orcish Mines
 25509 | Orc:2    | Reached skill level 1 in Hexes
 25509 | Orc:2    | Reached skill level 7 in Shapeshifting
 25799 | Orc:2    | Reached skill level 5 in Spellcasting
 25822 | Orc:1    | Noticed Snorg
 25836 | Orc:1    | Killed Snorg
 26074 | Orc:2    | Reached skill level 8 in Shapeshifting
 26316 | Orc:2    | Found Ymylok's Magic Scroll Shop.
 26327 | Orc:2    | Bought a scroll of revelation for 90 gold pieces
 26327 | Orc:2    | Bought a scroll of fog for 48 gold pieces
 26327 | Orc:2    | Bought a scroll of teleportation for 36 gold pieces
 26327 | Orc:2    | Bought a scroll of acquirement for 624 gold pieces
 26327 | Orc:2    | Bought a scroll of blinking for 90 gold pieces
 26327 | Orc:2    | Acquired the ring "Xoxua" {Dex+6 SInv}
 26335 | Orc:2    | Found Puiwk's Weapon Boutique.
 26512 | Orc:2    | Found a staircase to the Elven Halls.
 26573 | Orc:2    | Found Nupnoss's Distillery.
 26575 | Orc:2    | Found Veimpio's Book Shoppe.
 26694 | Orc:1    | Found a shimmering blue altar of Sif Muna.
 27583 | D:12     | Reached XP level 16. HP: 101/104 MP: 18/25
 27931 | D:13     | Reached skill level 9 in Shapeshifting
 28255 | D:13     | Found a stormy altar of Qazlal.
 28475 | D:13     | Reached skill level 5 in Hexes
 28513 | D:13     | Found a gate to the Vaults.
 28661 | D:13     | Identified the +2 cloak of the King of the Hill {Will+
                  | rCorr}
 29495 | D:14     | Reached skill level 10 in Shapeshifting
 29803 | D:14     | Noticed an emperor scorpion
 29819 | D:14     | Killed an emperor scorpion
 29968 | D:14     | Got Fiebaub's Excursus on Bewitching Beckoning
 29977 | D:14     | Learned a level 5 spell: Yara's Violent Unravelling
 31110 | D:15     | Entered Level 15 of the Dungeon
 31328 | D:15     | Found a staircase to the Depths.
 31473 | D:15     | Found a shadowy altar of Dithmenos.
 32202 | Snake:1  | Entered Level 1 of the Snake Pit
 32202 | Snake:1  | Noticed Aizul
 32205 | Snake:1  | Killed Aizul
 32219 | Snake:1  | Reached XP level 17. HP: 73/109 MP: 17/29
 32220 | Snake:1  | Reached skill level 11 in Shapeshifting
 32236 | Lair:2   | Reached skill level 1 in Shields
 32455 | Shoals:1 | Entered Level 1 of the Shoals
 33672 | Shoals:1 | Reached skill level 12 in Shapeshifting
 33863 | Shoals:1 | Found Zotuefro's Jewellery Boutique.
 34263 | Shoals:2 | Noticed Ilsuiw
 34287 | Shoals:2 | Killed Ilsuiw
 34723 | Shoals:2 | Bought the ring of Ykoot {rC+ Slay+3} for 624 gold pieces
 34737 | Shoals:2 | Found Cesy Xiq's Armour Shoppe.
 35263 | Shoals:2 | Reached skill level 13 in Shapeshifting
 35870 | Shoals:2 | Noticed a kraken
 36320 | Snake:1  | Reached XP level 18. HP: 99/115 MP: 14/30
 36573 | Snake:1  | Learned a level 7 spell: Enfeeble
 36652 | Snake:1  | Acquired 966 gold pieces
 37138 | Snake:2  | Reached skill level 14 in Shapeshifting
 38882 | Snake:3  | Reached skill level 15 in Shapeshifting
 39923 | Snake:3  | Identified the +3 ring mail of Bedeov {-Cast rC- Str+6
                  | Stlth+}
 40125 | Snake:3  | Found Raeq's Book Shop.
 40125 | Snake:3  | Found Sonub's Book Shop.
 40126 | Snake:3  | Found Tumix's Jewellery Emporium.
 40134 | Snake:3  | Bought a book of Displacement for 374 gold pieces
 40137 | Snake:3  | Learned a level 2 spell: Blink
 40140 | Snake:3  | Learned a level 2 spell: Lesser Beckoning
 40450 | Snake:4  | Entered Level 4 of the Snake Pit
 40765 | Snake:4  | Reached skill level 16 in Shapeshifting
 40871 | Snake:4  | Reached XP level 19. HP: 98/121 MP: 19/31
 41894 | Snake:4  | Reached skill level 17 in Shapeshifting
 42268 | Snake:4  | Found a broken altar of Ashenzari.
 42991 | Snake:4  | Got a serpentine rune of Zot
 44045 | Shoals:3 | Noticed Mara
 44518 | Shoals:3 | Noticed Kirke
 44536 | Shoals:3 | Killed Kirke
 44570 | Shoals:3 | Noticed SuPeRPuSSyNoOTAB's illusion
 44571 | Shoals:3 | Killed Mara
 44572 | Shoals:3 | Reached skill level 18 in Shapeshifting
 45196 | Shoals:4 | Entered Level 4 of the Shoals
 45456 | Shoals:4 | Found the ring of the Tortoise {AC+8}
 45811 | Shoals:4 | Reached XP level 20. HP: 53/127 MP: 24/32
 45811 | Shoals:4 | Identified the +4 battleaxe "Wiat Aha" {venom, *Rage Str+6
                  | Dex+3 Stlth+}
 46142 | Shoals:4 | Got Naij's Acroamatic Memoir of the Luminary
 46543 | Shoals:4 | Found Henwid's Book Emporium.
 46873 | Shoals:4 | Found Lintogh's Antique Weapon Boutique.
 46909 | Shoals:4 | Noticed Polyphemus
 46951 | Shoals:4 | Killed Polyphemus
 46952 | Shoals:4 | Reached skill level 19 in Shapeshifting
 48267 | Shoals:4 | Got a barnacled rune of Zot
 48532 | Shoals:4 | Identified the +10 short sword "Orb Guardian's Doom"
                  | {venom, Fly rF+ Int+3}
 48971 | D:8      | Bought a talisman of death for 1591 gold pieces
 49086 | Vaults:1 | Entered Level 1 of the Vaults
 49119 | Vaults:1 | Found a flickering gateway to a bazaar.
 49146 | Bazaar   | Entered a bazaar
 49178 | Bazaar   | Found Bianguf's Book Shoppe.
 49199 | Bazaar   | Found Apyon's Antique Weapon Boutique.
 49203 | Bazaar   | Bought a transparent hand crossbow for 136 gold pieces
 49203 | Bazaar   | Identified the +9 hand crossbow "Lulilu" {drain, rF+} (You
                  | bought it in a shop in a bazaar)
 49245 | Bazaar   | Found Piteifae's Assorted Antiques.
 49250 | Bazaar   | Bought a distressingly furry kite shield for 190 gold
                  | pieces
 49250 | Bazaar   | Identified the +4 kite shield of the World {rElec rPois
                  | Int+3 Dex-5} (You bought it in a shop in a bazaar)
 49260 | Bazaar   | Found Apnipeug's Antique Armour Shoppe.
 49265 | Bazaar   | Bought a polished helmet for 247 gold pieces
 49265 | Bazaar   | Identified the +0 helmet of the Stone Wall {Will+ Str+5
                  | SInv} (You bought it in a shop in a bazaar)
 51350 | Vaults:2 | Noticed Boris
 51354 | Vaults:2 | Killed Boris
 51355 | Vaults:2 | Reached skill level 20 in Shapeshifting
 51634 | Vaults:2 | Found a staircase to the Crypt.
 52047 | Vaults:2 | Reached XP level 21. HP: 108/132 MP: 27/33
 52053 | Vaults:2 | Identified the +4 long sword of the Screaming Coward
                  | {freeze, rN+ Int+7}
 52059 | Vaults:2 | Got the Exposition on Non-Euclidean Anemomancy
 52420 | Vaults:2 | Found Luatar's Jewellery Shoppe.
 52847 | Vaults:2 | Noticed Voda's ghost (journeyman FeDe)
 52849 | Vaults:2 | Found a large runed translucent door.
 52849 | Vaults:2 | Found a large runed translucent door.
 53098 | Vaults:2 | Slain by a vault warden

Illustrated notes

Levels and vault maps discovered:
D:1:      eino_arrival_cavern_d, layout_loops_ring, serial_shops,
          nicolae_shop_pleasant_corner_grove, shapermc_ecumenical_altar_pompeii
D:2:      layout_basic, basic_altar
D:3:      layout_basic, uniq_natasha, uniq_sigmund
D:4:      layout_loops_ring, gammafunk_temple_overflow_wave,
          amcnicky_altar_gilded, minmay_temple_entry_fiery
D:5:      layout_basic, hangedman_decor_push, uniq_crazy_yiuf_cottage,
          uniq_pikel
D:6:      layout_basic, mainiacjoe_overflow_big_doors,
          nicolae_ossuary_entry_monument, minmay_gold_behind_fungi, uniq_edmund
D:7:      layout_loops_corners, uniq_jeremiah
D:8:      layout_loops_corners, nicolae_overflow_crystal_walls,
          david_lair_generic, minmay_alternating_orb
D:9:      layout_basic, gammafunk_temple_overflow_pools,
          evilmike_ruin_ashenzari, orc_0_dummy, enter_bailey_4, minivault_16
D:10:     minmay_ornate_pinched, layout_basic, serial_shops,
          nicolae_shop_advertising_works [nicolae_subvault_shop_adworks],
          minivault_13
D:11:     layout_loops_ring, serial_shops, nicolae_shop_gibbet_a_chance,
          cheibriados_altar_1, uniq_nergalle, uniq_grum
D:12:     layout_basic
D:13:     layout_irregular_city, grunt_vaults_entry_tiered,
          nicolae_qazlal_scattered_showers
D:14:     minmay_the_grid_octo_tiled_squarecenter_mashed
          [minmay_the_grid_octo_concentric, minmay_the_grid_octo_fan_narrow,
          minmay_the_grid_octo_clover_2, minmay_the_grid_octo_horde,
          minmay_the_grid_square_5x5_megaprize_crossed,
          minmay_the_grid_square_5x5_inner_i, minmay_the_grid_square_5x5_forky,
          minmay_the_grid_square_5x5_bite, minmay_the_grid_square_5x5_plus],
          layout_loops_ring, hangedman_decor_growths, serial_bayou,
          serial_bayou_lagoon_b, serial_bayou_shore_a, serial_bayou_pond_a,
          serial_bayou_shore_b, serial_bayou_crossing
D:15:     grunt_enter_depths_giant_problem, layout_layer_cave,
          nicolae_dithmenos_the_darkroom
Temple:   nicolae_temple_bog_church
Lair:1:   layout_concentric_octagons, lemuel_fruit_fields, uniq_fannar,
          uniq_amaemon
Lair:2:   layout_roguey, nicolae_shoals_entry_roost,
          minmay_snake_entry_guardpost_small, gauntlet_entry_generic,
          chequers_serial_rivers_micro_a, st_stairs_13, uniq_harold,
          uniq_gastronok
Lair:3:   layout_cave_pods, ebering_ghost_funeral_grove, lemuel_fruit_fields,
          grunt_megastairs_2
Lair:4:   layout_cave_pods, slime_entry_1, basic_altar, minmay_holes,
          dreamdust_gnoll_shepherd
Lair:5:   hellmonk_lair_end_abyssal_woods, layout_long_grid,
          columned_hall_lemuel
Shoals:1: layout_shoals, minmay_shop_enchanted_jewellery
Shoals:2: layout_shoals, serial_shops, shop, uniq_ilsuiw
Shoals:3: layout_shoals, nicolae_shoals_circle_sea_wall, uniq_kirke, uniq_mara
Shoals:4: shoals_end_simple, layout_shoals, serial_shops, shop_fountains, shop,
          uniq_polyphemus
Snake:1:  layout_rooms, grunt_megastairs_3, uniq_aizul
Snake:2:  layout_onion_interference, special_room
Snake:3:  layout_gridlike, minmay_shop_grove
Snake:4:  grunt_snake_rune_pools, layout_rooms, basic_altar,
          nicolae_triple_integral
Orc:1:    layout_diamond_mine, serial_shops, nicolae_lakefront_shop,
          led_sif_book, uniq_snorg, uniq_erica
Orc:2:    st_orc_open, layout_caves
Vaults:1: nicolae_vaults_twisting_passages, vaults_dpeg_spiral,
          hangedman_vaults_river_flow, v_pattern_3, nicolae_vaults_two_Ls,
          vaults_room_hallway, nicolae_vaults_house_2, layout_vaults_quadrants,
          serial_shops, bzr_in_the_mist
Vaults:2: advil_vaults_ghost_guards, nicolae_vaults_storage_room_glass,
          nicolae_vaults_tangram_1, v_misc_13, minmay_crypt_entry_simple_sparse,
          v_misc_28, dpeg_vaults_monster_box, nicolae_vaults_trapezoid_layered,
          nicolae_vaults_antechamber_and_loot_room,
          nicolae_vaults_heart-shaped_vault, nicolae_vaults_trapezoid_1,
          nicolae_vaults_six-pack, nicolae_vaults_double_plus_2,
          nicolae_vaults_apartment_2, layout_vaults_ring, serial_shops, shop,
          uniq_boris

Skill      XL: |  1  2  3  4  5  6  7  8  9 10 11 12 13 14 15 16 17 18 19 20 |
---------------+-------------------------------------------------------------+-----
Stealth        | 3 5 7 10 12 13 | 13.9
Fighting       | 1 12 13 14 | 14.0
Dodging        | 3 4 6 8 10 11 12 | 12.0
Short Blades   | 1 2 4 5 8 12 14 | 14.0
Spellcasting   | 3 4 6 8 |  8.2
Earth Magic    | 1 2 4 6 |  6.0
Transmutations | 1 2 |  2.0
Evocations     | 1 2 3 5 |  5.0
Ice Magic      | 5 6 |  6.0
Conjurations   | 1 5 6 |  6.0
Shapeshifting  | 2 5 8 10 13 16 18 20 | 20.9
Armour         | 1 3 4 |  4.2
Hexes          | 4 7 |  7.0
Shields        | 4 |  4.5

Action                     |  1- 3 |  4- 6 |  7- 9 | 10-12 | 13-15 | 16-18 | 19-21 || total
---------------------------+-------+-------+-------+-------+-------+-------+-------++-------
  Melee: Dagger            |    53 |    59 |    53 |       |       |       |       ||   165
         Punch             |       |     2 |     1 |    13 |    32 |    11 |       ||    59
         Unarmed           |       |     2 |       |       |       |       |       ||     2
         Rapier            |       |       |    44 |    32 |       |       |       ||    76
         Quick blade       |       |       |       |   490 |  1324 |  1587 |  1505 ||  4906
  Throw: Dart              |       |     3 |     6 |       |       |     1 |       ||    10
   Cast: Freeze            |    27 |    29 |    37 |     9 |       |       |       ||   102
         Sandblast         |       |    25 |   136 |    57 |    46 |       |       ||   264
         Frozen Ramparts   |       |     9 |    22 |    42 |    51 |    47 |    19 ||   190
         Ozocubu's Armour  |       |     5 |    20 |    38 |    46 |    36 |    18 ||   163
         Stone Arrow       |       |       |     1 |    95 |   101 |   148 |    89 ||   434
         Dazzling Flash    |       |       |       |       |     3 |    59 |    41 ||   103
         Passwall          |       |       |       |       |       |     1 |    12 ||    13
         Lesser Beckoning  |       |       |       |       |       |       |     1 ||     1
 Invoke: Call Merchant     |       |       |       |     2 |       |     1 |       ||     3
         Potion Petition   |       |       |       |       |       |       |     2 ||     2
  Evoke: Wand              |       |     1 |     1 |     4 |     1 |       |     3 ||    10
         Box of beasts     |       |       |       |       |     2 |     1 |     2 ||     5
         Tin of tremorston |       |       |       |       |       |       |     2 ||     2
         Lightning rod     |       |       |       |       |       |       |     1 ||     1
    Use: Scroll            |       |     5 |     2 |    10 |    11 |     9 |     9 ||    46
         Potion            |       |     2 |     4 |     4 |     5 |     4 |    15 ||    34
   Stab: Sleeping          |    14 |    10 |     1 |     8 |    24 |    19 |    42 ||   118
         Distracted        |     2 |       |       |     2 |    12 |    12 |    16 ||    44
         Invisible         |       |       |       |    14 |    42 |   119 |    84 ||   259
         Paralysed         |       |       |       |       |     1 |       |       ||     1
         Petrified         |       |       |       |       |       |       |     2 ||     2
 Armour: Robe              |     5 |    23 |    82 |    48 |       |       |       ||   158
         Leather armour    |       |       |       |    19 |    84 |   135 |   118 ||   356
  Dodge: Dodged            |    44 |    71 |   210 |   333 |   508 |   845 |   823 ||  2834
  Block: Buckler           |       |       |       |       |       |   168 |   234 ||   402

Table legend: (Time is in decaauts)
 A = Elapsed time spent in this place.
 B = Non-inter-level travel time spent in this place.
 C = Inter-level travel time spent in this place.
 D = Time resting spent in this place.
 E = Time spent auto-exploring this place.
 F = Levels seen in this place.
 G = Mean time per level.
                   A        B        C        D        E       F      G
               +--------+--------+--------+--------+--------+-----+--------+
         Total |  52711 |  50602 |   2109 |  15259 |  23379 |  37 | 1424.6 |
       Dungeon |  21058 |  20023 |   1035 |   5235 |  10310 |  15 | 1403.9 |
        Temple |    112 |    112 |      0 |      0 |      0 |   1 |  112.0 |
          Lair |   6970 |   6503 |    467 |   1048 |   4086 |   5 | 1394.0 |
        Shoals |   9201 |   8965 |    236 |   4071 |   2519 |   4 | 2300.2 |
     Snake Pit |   7247 |   7061 |    186 |   2520 |   3049 |   4 | 1811.8 |
  Orcish Mines |   1700 |   1570 |    130 |    292 |    859 |   2 |  850.0 |
        Vaults |   3756 |   3704 |     52 |    917 |   2061 |   2 | 1878.0 |
        Bazaar |    142 |    142 |      0 |      0 |    111 |   1 |  142.0 |
       Ossuary |   1114 |   1114 |      0 |    826 |     41 |   1 | 1114.0 |
        Bailey |    516 |    516 |      0 |     92 |      0 |   1 |  516.0 |
      Gauntlet |    890 |    890 |      0 |    257 |    342 |   1 |  890.0 |
               +--------+--------+--------+--------+--------+-----+--------+

Top non-repeatable levels by time:
Shoals:4: 3096 daAuts
 Snake:4: 2857 daAuts
Shoals:1: 2192 daAuts
    D:14: 2172 daAuts
  Lair:3: 2141 daAuts
Vaults:1: 2050 daAuts
Shoals:3: 2030 daAuts
     D:8: 1895 daAuts
Shoals:2: 1882 daAuts
     D:4: 1813 daAuts
     D:5: 1812 daAuts
 Snake:2: 1789 daAuts
Vaults:2: 1705 daAuts
  Lair:2: 1702 daAuts
 Snake:3: 1611 daAuts
